 Dungeon Crawl Stone Soup version 0.30.0-20-g3615ddf2f0 (webtiles) character file.

Game seed: 14594566108755228611

186 qw the Chopper (level 5, -2/33 HPs)
             Began as a Gargoyle Fighter on June 1, 2023.
             Killed from afar by an orc wizard (9 damage)
             ... with a puff of flame
             ... on level 3 of the Dungeon.
             The game lasted 00:01:01 (2167 turns).

qw the Chopper (Gargoyle Fighter)                   Turns: 2167, Time: 00:01:01

Health: -2/33      AC: 13    Str: 22    XL:     5   Next: 65%
Magic:  5/5        EV:  9    Int:  8    God:
Gold:   97         SH:  9    Dex:  9    Spells: 4/4 levels left

rFire   . . .        Y - +1 war axe
rCold   . . .        c - +0 buckler
rNeg    + . .        b - +0 scale mail
rPois   inf          n - +0 helmet
rElec   +            h - +0 cloak
rCorr   .            (no gloves)
SInv    .            (no boots)
Will    .....        o - amulet of reflection Stlth
                     (no ring)
HPRegen 0.25/turn    (no ring)
MPRegen 0.09/turn

%: reflection
@: no status effects
A: sickness immunity, AC +4, negative energy resistance 1, electricity
resistance, torment resistance 1, petrification resistance
a: no special abilities


You were on level 3 of the Dungeon.
You visited 1 branch of the dungeon, and saw 3 of its levels.

You collected 97 gold pieces.


Innate Abilities, Weirdness & Mutations

You are immune to sickness and miasma.
Your stone body is resilient. (AC +4)
You are immune to poison.
You resist negative energy. (rN+)
You are resistant to electric shocks. (rElec)
You are resistant to unholy torment.
You are immune to petrification.


   Skills:
 + Level 3.7 Fighting
 - Level 5.0 Axes
 - Level 3.2 Armour
 - Level 3.2 Shields


You had 4 spell levels left.
You didn't know any spells.
Your spell library was empty.

Inventory:

Hand Weapons
 e - a +0 mace
 Y - a +1 war axe (weapon)
Armour
 b - a +0 scale mail (worn)
 c - a +0 buckler (worn)
 h - a +0 cloak (worn)
 n - a +0 helmet (worn)
Jewellery
 o - an amulet of reflection (around neck)
Potions
 a - a potion of brilliance {unknown}
 d - 3 potions of might
 f - a potion of invisibility {unknown}
 j - 3 potions of curing
 k - a potion of ambrosia {unknown}
 m - a potion of attraction {unknown}

Dungeon Overview and Level Annotations

Branches:
Dungeon (3/15)

Altars:

Shops:
D:2 =


Message History

You closely miss the orc wizard.
The orc wizard is severely wounded.
You hit the orc.
You kill the orc!
You miss something. You block something's attack.
The orc wizard casts a spell at you. You resist with some effort.
You hit the orc wizard.
The orc wizard is severely wounded.
You miss something. Something hits you but does no damage.
You block the orc wizard's attack.
You closely miss the orc wizard.
The orc wizard is severely wounded.
You completely miss something. Something hits you.
You block the orc wizard's attack.
A goblin comes into view. It is wielding a +0 club.
The orc wizard closely misses you.
You hear some strange, mumbled words.
A puff of flame appears from out of thin air!
The puff of flame hits you.
The goblin moves out of view.
You slash the orc wizard!
You kill the orc wizard!
You hit something but do no damage.
You hear some strange, mumbled words.
A puff of flame appears from out of thin air!
The puff of flame hits you.
You closely miss something. Something hits you but does no damage.
You miss something. Something hits you but does no damage.
You closely miss something.
Something hits you but does no damage. x2
You miss something. Something hits you but does no damage.
You miss something.
You hear some strange, mumbled words.
A puff of flame appears from out of thin air!
The puff of flame hits you!
You die...

####### .......
....... #
###)......
###.####.@{......
..>......#)......
.......<.#.......
##############.##
.# #


There were no monsters in sight!

Vanquished Creatures
  2 orc wizards (D:3)
  Natasha (thrice) (D:2)
  An adder (D:2)
  2 orcs (D:3)
  3 ball pythons
  4 bats
  5 endoplasms (D:1)
  3 giant cockroaches (D:2)
  7 hobgoblins
  2 jackals (D:2)
  A quokka (D:2)
  3 frilled lizards
  2 goblins (D:2)
  7 kobolds
  5 rats
50 creatures vanquished.

Notes
Turn   | Place    | Note
-------+----------+-------------------------------------------
     0 | D:1      | qw the Gargoyle Fighter began the quest for the Orb.
     0 | D:1      | Reached XP level 1. HP: 14/14 MP: 1/1
     0 | D:1      | 0 ||| qw: Version: 0.2-a-102-gfc559e5
     0 | D:1      | 0 ||| qw: Game counter: 625
     0 | D:1      | 0 ||| qw: Always use a shield: true
     0 | D:1      | 0 ||| qw: God list: Okawaru
     0 | D:1      | 0 ||| qw: Allow faded altars: false
     0 | D:1      | 0 ||| qw: Do Orc after D:15 true
     0 | D:1      | 0 ||| qw: Do second Lair branch before Depths: true
     0 | D:1      | 0 ||| qw: Lair rune preference: random
     0 | D:1      | 0 ||| qw: Plans: Normal, Zot:1-4, Slime:5, God:TSO, Crypt,
                  | Tomb, Pan, Hells, Abyss, Win
     0 | D:1      | 0 ||| PLANNING D:1-11
    49 | D:1      | Reached skill level 2 in Axes
   170 | D:1      | Reached XP level 2. HP: 19/19 MP: 2/2
   796 | D:1      | Reached skill level 3 in Axes
   866 | D:1      | 866 ||| UPGRADING to +0 helmet.
   871 | D:1      | 871 ||| UPGRADING to amulet of reflection.
   876 | D:1      | 876 ||| DROPPING ring of flight.
   877 | D:1      | 877 ||| READING scroll labelled BUHECL JEAGIST.
   878 | D:1      | 878 ||| READING scroll labelled UDO ANKA FAOSH.
   879 | D:1      | 879 ||| READING scroll labelled APUETE ZECENE.
   880 | D:1      | 880 ||| READING scroll labelled MUZ ZAPUNKAM.
   881 | D:1      | 881 ||| DRINKING 2 viscous ruby potions.
   882 | D:1      | 882 ||| DROPPING potion of flight.
  1080 | D:2      | Found Gexilos's Jewellery Emporium.
  1089 | D:2      | 1089 ||| SHOPLISTING ring of fire (275 gold, have 72).
  1089 | D:2      | 1089 ||| SHOPLISTING ring of protection from fire (275
                  | gold, have 72).
  1089 | D:2      | 1089 ||| SHOPLISTING ring of resist corrosion (220 gold,
                  | have 72).
  1089 | D:2      | 1089 ||| SHOPLISTING ring of see invisible (165 gold, have
                  | 72).
  1089 | D:2      | 1089 ||| SHOPLISTING ring of willpower (275 gold, have 72).
  1269 | D:2      | Reached XP level 3. HP: 22/23 MP: 3/3
  1300 | D:2      | 1300 ||| Stepping ~*~*~tactically~*~*~ (stealth).
  1306 | D:2      | 1306 ||| Stepping ~*~*~tactically~*~*~ (stealth).
  1334 | D:2      | Noticed Natasha
  1339 | D:2      | Killed Natasha
  1340 | D:2      | Reached XP level 4. HP: 28/28 MP: 4/4
  1441 | D:2      | 1441 ||| DROPPING +0 club.
  1664 | D:2      | Identified the +4 leather armour of the Hall of Blades
                  | {Harm Stlth+}
  1773 | D:2      | Reached skill level 4 in Axes
  1793 | D:2      | 1793 ||| Stepping ~*~*~tactically~*~*~ (stealth).
  1852 | D:2      | Noticed Natasha
  1862 | D:2      | Killed Natasha
  2022 | D:2      | Noticed Natasha
  2023 | D:2      | 2023 ||| Stepping ~*~*~tactically~*~*~ (stealth).
  2025 | D:2      | 2025 ||| Stepping ~*~*~tactically~*~*~ (hiding).
  2031 | D:2      | Killed Natasha
  2032 | D:2      | Reached XP level 5. HP: 25/32 MP: 5/5
  2069 | D:2      | 2069 ||| UPGRADING to +0 cloak.
  2074 | D:2      | 2074 ||| DROPPING +4 leather armour of the Hall of Blades
                  | {Harm Stlth+}.
  2075 | D:2      | 2075 ||| READING scroll labelled DAANEU OKIPNA.
  2076 | D:2      | 2076 ||| DRINKING 5 sedimented white potions.
  2155 | D:3      | 2155 ||| DRINKING 4 potions of curing.
  2155 | D:3      | 2155 ||| (to cure confusion)
  2157 | D:3      | Reached skill level 5 in Axes
  2162 | D:3      | HP: 5/32 [something/puff of flame (4)]
  2167 | D:3      | Killed from afar by an orc wizard

Levels and vault maps discovered:
D:1:      minmay_arrival_doors, layout_basic, amcnicky_mini_rare_corridor_liquid
D:2:      minmay_diamond_boxcup, layout_basic, serial_shops, shop, uniq_natasha
D:3:      minmay_razor_zed, layout_rooms, uniq_ijyb, uniq_robin,
          uniq_crazy_yiuf_cottage

Skill      XL: |  1  2  3  4  5 |
---------------+----------------+-----
Axes           | 2 3 4 5 |  5.0
Fighting       | |  3.7
Armour         | |  3.2
Shields        | |  3.2

Action                     |  1- 3 |  4- 6 || total
---------------------------+-------+-------++-------
  Melee: War axe           |    86 |    55 ||   141
    Use: Scroll            |     4 |     1 ||     5
         Potion            |     1 |     2 ||     3
 Armour: Scale mail        |    45 |    28 ||    73
  Dodge: Dodged            |    37 |    22 ||    59
  Block: Buckler           |    24 |    22 ||    46
         Reflection        |       |     1 ||     1

Table legend:
 A = Non-vault XP
 B = Vault XP
 C = Vault XP percentage of total XP
 D = Non-vault monster count
 E = Vault monster count
 F = Vault count percentage of total count
                 A         B        C        D         E       F
            +---------+---------+-------+---------+---------+-------
      Total |     214 |      52 |  19.5 |      39 |      11 |  22.0
            +---------+---------+-------+---------+---------+-------
        D:1 |      32 |       0 |   0.0 |      20 |       0 |   0.0
        D:2 |     101 |      52 |  34.0 |      13 |      11 |  45.8
        D:3 |      81 |       0 |   0.0 |       6 |       0 |   0.0
            +---------+---------+-------+---------+---------+-------
